 Dungeon Crawl Stone Soup version 0.30.0-15-g856e2d3f33 (webtiles) character file.

Game seed: 694999965586017199

1215 MacCMillion the Cleaver (level 8, -6/67 (69) HPs)
             Began as a Hill Orc Fighter on May 19, 2023.
             Was an Initiate of Qazlal.
             Mangled by a wight
             ... wielding a +3 mace
              (9 damage)
             ... on level 6 of the Dungeon.
             The game lasted 00:05:01 (5164 turns).

MacCMillion the Cleaver (Hill Orc Fighter)          Turns: 5164, Time: 00:05:01

HP:   -6/67 (69)    AC:  9    Str: 21    XL:     8   Next: 46%
MP:   11/11         EV:  8    Int:  8    God:    Qazlal [......]
Gold: 370           SH:  4    Dex: 10    Spells: 7/7 levels left

rFire   . . .        a - +0 war axe
rCold   . . .        c - +0 buckler
rNeg    . . .        y - +0 chain mail
rPois   .            (no helmet)
rElec   .            (no cloak)
rCorr   .            (no gloves)
SInv    .            (no boots)
Will    .....        (no amulet) Stlth
                     (no ring)
HPRegen 0.31/turn    (no ring)
MPRegen 0.12/turn

%: no passive effects
@: lightly drained
A: no striking features
a: Renounce Religion


You were on level 6 of the Dungeon.
You worshipped Qazlal.
Qazlal was noncommittal.
You visited 2 branches of the dungeon, and saw 7 of its levels.

You collected 370 gold pieces.

Inventory:

Hand Weapons
 a - a +0 war axe (weapon)
Missiles
 w - 3 atropa-tipped darts (quivered)
 x - 2 poisoned darts
 B - a throwing net
Armour
 b - a +0 scale mail
 c - a +0 buckler (worn)
 y - a +0 chain mail (worn)
Jewellery
 j - a ring of fire
 n - an amulet of guardian spirit
Wands
 r - a wand of polymorph (13)
 C - a wand of mindburst (5)
Scrolls
 e - a scroll of vulnerability {unknown}
 f - a scroll of noise {unknown}
 g - a scroll of fear
 h - a scroll of brand weapon {unknown}
 i - 6 scrolls of identify {unknown}
 k - 2 scrolls of teleportation {unknown}
 l - a scroll of immolation {unknown}
 m - 4 scrolls of blinking {unknown}
 q - a scroll of enchant armour {unknown}
 s - 2 scrolls of butterflies {unknown}
 t - a scroll of poison {unknown}
 u - a scroll of fog {unknown}
Potions
 d - 2 potions of might
 o - 2 potions of flight {unknown}
 p - a potion of attraction {unknown}
 v - 2 potions of brilliance {unknown}
 z - 2 potions of curing {unknown}
 A - a potion of invisibility {unknown}
 D - 2 potions of mutation {unknown}
 E - a potion of heal wounds {unknown}


   Skills:
 + Level 5.5 Fighting
 - Level 10.0 Axes
 + Level 5.3 Armour
 - Level 4.0 Shields
 + Level 4.3 Invocations


You had 7 spell levels left.
You didn't know any spells.
Your spell library contained the following spells:

 Spells                   Type           Power      Damage    Failure   Level
 Scorch                   Fire           0%         2d5       99%         2
 Inner Flame              Hex/Fire       0%         N/A       100%        3
 Flame Wave               Conj/Fire      0%         2d4       100%        4
 Sticky Flame             Conj/Fire      0%         2d3       100%        4
 Summon Cactus Giant      Summ           0%         N/A       100%        6


Dungeon Overview and Level Annotations

Branches:
Dungeon (6/15)             Temple (1/1) D:4

Altars:
Dithmenos
Makhleb
Qazlal
Xom
Yredelemnul

Annotations:
D:6 3 runed translucent doors, FelidPro's ghost, amateur FeAE


Message History

You block the wight's attack. The wight hits you with a +0 flail!
You feel drained.
You slash the wight!
You destroy the wight!
Qazlal accepts your kill.
Your life force feels restored.
No target in view!
r - a wand of polymorph (13) (gained 9 charges)
Things that are here:
a +0 flail; a +0 robe A wight comes into view.
It is wielding a +5 battleaxe of freezing.
A wight is nearby!
A wight is nearby!
You closely miss the wight.
The wight hits you with a +5 battleaxe of freezing!
The wight freezes you.
You hit the wight.
The wight is moderately damaged.
The wight hits you with a +5 battleaxe of freezing.
The wight freezes you.
You hit the wight but do no damage.
The wight is moderately damaged.
The wight hits you with a +5 battleaxe of freezing!
The wight freezes you.
You hit the wight but do no damage.
The wight is moderately damaged.
The wight hits you with a +5 battleaxe of freezing!
The wight freezes you.
* * * LOW HITPOINT WARNING * * *
A wight comes into view. It is wielding a +3 mace.
The wight hits you with a +5 battleaxe of freezing!
* * * LOW HITPOINT WARNING * * *
You feel drained. The wight freezes you.
* * * LOW HITPOINT WARNING * * *
The wight closely misses you.
As you read the scroll labelled HURUCUCSEU, it crumbles to dust.
You assume a fearsome visage.
The wight is unaffected. x2
It was a scroll of fear.
The wight barely misses you. The wight attacks as you move away!
The wight hits you with a +3 mace!
You die...

#>........# #.#
#.##.####.# #.#
##.## #.# .+# #...#
#.# . # #...###.#
.. #.#...#.#.# P.
#.##.###)....###
...
#.....z.......'...
#.##...z@....###...
#####.#.### .
#.#... #.#.###
#.#.# #.#.# #.. ###


You could see 2 wights.

Vanquished Creatures
  Grinder (D:5)
  Eustachio (D:5)
  A steam dragon (D:6)
  An ogre (D:5)
  A phantom (D:4)
  Blork the orc (D:5)
  A scorpion (D:4)
  A wight (D:6)
  A quasit (D:6)
  4 hounds
  A jelly (D:4)
  An iguana (D:4)
  Ijyb (D:5)
  An orc wizard (D:4)
  3 adders
  3 shadow imps (D:6)
  A white imp (D:6)
  6 ufetubi
  A worm (D:2)
  3 dart slugs
  7 orcs
  2 ball pythons
  3 bats
  8 endoplasms
  2 giant cockroaches
  10 goblins
  9 hobgoblins
  6 jackals (D:2)
  4 kobolds
  5 quokkas
  A frilled lizard (D:1)
  4 rats
95 creatures vanquished.

Notes
Turn   | Place    | Note
-------+----------+-------------------------------------------
     0 | D:1      | MacCMillion the Hill Orc Fighter began the quest for the
                  | Orb.
     0 | D:1      | Reached XP level 1. HP: 19/19 MP: 1/1
   108 | D:1      | Reached skill level 3 in Axes
   115 | D:1      | Reached XP level 2. HP: 25/26 MP: 2/2
   609 | D:2      | Reached XP level 3. HP: 31/31 MP: 3/3
   818 | D:2      | Reached skill level 4 in Axes
  1388 | D:2      | Reached XP level 4. HP: 39/39 MP: 4/4
  1958 | D:4      | Noticed a phantom
  1958 | D:4      | Noticed a scorpion
  2112 | D:4      | Reached skill level 5 in Axes
  2158 | D:4      | Killed a phantom
  2159 | D:4      | Reached skill level 6 in Axes
  2159 | D:4      | Reached XP level 5. HP: 41/45 MP: 5/5
  2380 | D:4      | Reached skill level 7 in Axes
  2400 | D:4      | Found a staircase to the Ecumenical Temple.
  2506 | Temple   | Entered the Ecumenical Temple
  2512 | Temple   | Became a worshipper of Qazlal Stormbringer
  2584 | D:4      | Reached XP level 6. HP: 50/51 MP: 6/6
  2718 | D:4      | Reached skill level 8 in Axes
  2778 | D:5      | Entered Level 5 of the Dungeon
  3052 | D:5      | Identified the +6 dagger of Guceepn {heavy, +Blink rN+
                  | Int+3 Stlth-}
  3069 | D:5      | Noticed Grinder
  3085 | D:5      | Paralysed by Grinder for 3 turns
  3093 | D:5      | Killed Grinder
  3094 | D:5      | Reached skill level 9 in Axes
  3094 | D:5      | Reached XP level 7. HP: 38/57 MP: 7/7
  3314 | D:5      | Noticed Ijyb
  3326 | D:5      | Killed Ijyb
  3525 | D:5      | Reached skill level 10 in Axes
  3823 | D:5      | Reached skill level 1 in Invocations
  3900 | D:5      | Noticed Eustachio
  3913 | D:5      | Killed Eustachio
  3914 | D:5      | Reached XP level 8. HP: 41/67 MP: 8/10
  4144 | D:5      | Noticed Blork the orc
  4157 | D:5      | Killed Blork the orc
  4651 | D:6      | Reached skill level 5 in Fighting
  4651 | D:6      | Reached skill level 5 in Armour
  4939 | D:6      | Found a runed translucent gate.
  4939 | D:6      | Found a runed translucent gate.
  4939 | D:6      | Noticed FelidPro's ghost (amateur FeAE)
  4940 | D:6      | Found a runed translucent gate.
  5160 | D:6      | HP: 2/67 [wight/+5 battleaxe of freezing (5)]
  5164 | D:6      | Mangled by a wight

Illustrated notes

Levels and vault maps discovered:
D:1:      sevenhm_arrival_forest_fort_large_2, layout_basic, minmay_distorted
D:2:      layout_basic, corner_web_ring, dreamdust_princess_bridge,
          grunt_ministairs_2
D:3:      layout_basic, item_on_display_a
D:4:      layout_basic, minmay_temple_entry_slanted
D:5:      layout_layer_cave, uniq_eustachio, uniq_ijyb, uniq_grinder,
          uniq_blork_the_orc
D:6:      layout_loops_corners, overflow_temple_1_default, serial_demonic,
          serial_demonic_f, serial_demonic_g, serial_demonic_g,
          serial_demonic_c, serial_demonic_c, ebering_ghost_rock_garden,
          minivault_25
Temple:   nicolae_temple_bog_church

Skill      XL: |  1  2  3  4  5  6  7  8 |
---------------+-------------------------+-----
Axes           | 3 4 6 7 9 10 | 10.0
Shields        | 4 |  4.0
Invocations    | 2 4 |  4.3
Fighting       | 4 5 |  5.5
Armour         | 4 5 |  5.3

Action                     |  1- 3 |  4- 6 |  7- 9 || total
---------------------------+-------+-------+-------++-------
  Melee: War axe           |    91 |   150 |   112 ||   353
  Throw: Dart              |       |     9 |     2 ||    11
    Use: Scroll            |       |       |     1 ||     1
 Armour: Scale mail        |    34 |    53 |       ||    87
         Chain mail        |       |    28 |    49 ||    77
  Dodge: Dodged            |    50 |    63 |    43 ||   156
  Block: Buckler           |    17 |    35 |    29 ||    81
